 Dungeon Crawl Stone Soup version 0.27.0-65-ge2af304b15 (webtiles) character file.

Game seed: 7864230550809044396

154 Malachi the Slasher (level 5, 0/40 HPs)
             Began as a Djinni Chaos Knight on Aug 18, 2021.
             Was a Plaything of Xom.
             Slain by a swamp dragon (shapeshifter) (4 damage)
             ... on level 3 of the Dungeon.
             The game lasted 00:04:06 (2688 turns).

Malachi the Slasher (Djinni Chaos Knight)           Turns: 2688, Time: 00:04:07

Health: 0/40       AC: 11    Str: 11    XL:     5   Next: 62%
Gold:   100        EV:  9    Int: 14    God:    Xom [......] SH:  5 Dex: 13

rFire    + + .     SeeInvis +   a - +0 falchion (chaos)
rCold    x . .     Faith    .   (no shield)
rNeg     . . .     Spirit   .   p - +4 scale mail
rPois    ∞         Reflect  +   j - +1 hat
rElec    .         Harm     .   f - scarf {+Inv}
rCorr    .         Rampage  .   (no gloves)
Will     .....                  (boots unavailable)
Stlth    ..........             c - amulet of reflection
HPRegen  0.13/turn              g - ring of see invisible
MPRegen  0.00/turn              (no ring)

@: flying
A: sickness immunity, fire resistance 2, cold vulnerability 1, float, innate
caster, hp casting, extra vitality 1, screaming 1, wild magic 1
a: Renounce Religion, Evoke Invisibility


You were on level 3 of the Dungeon.
You worshipped Xom.
You were a very special plaything of Xom.
You visited 1 branch of the dungeon, and saw 3 of its levels.

You collected 100 gold pieces.

Inventory:

Hand Weapons
 a - a +0 falchion of chaos (weapon)
 k - a +0 dagger
Armour
 b - a +2 leather armour
 f - a scarf of invisibility (worn)
 i - a +0 cloak
 j - a +1 hat (worn)
 p - a +4 scale mail (worn)
Jewellery
 c - an amulet of reflection (around neck)
 g - a ring of see invisible (left hand)
 l - a ring of protection from cold
Wands
 q - a wand of acid (7)
Scrolls
 h - a scroll of magic mapping
Potions
 e - a potion of brilliance {unknown}
 m - a potion of magic {unknown}
 n - a potion of might {unknown}
 o - 2 potions of curing {unknown}


   Skills:
 + Level 3.6 Fighting
 + Level 4.0 Long Blades
 + Level 2.4 Armour
 + Level 2.9 Dodging
 + Level 0.4 Shields


You had one spell level left.
You knew the following spells:

 Your Spells              Type           Power      Damage    Failure   Level
a - Animate Skeleton      Necr           0%         N/A       90%         1
b - Slow                  Hex            0%         N/A       96%         2
Your spell library was empty.

Dungeon Overview and Level Annotations

Branches:
Dungeon (3/15)

Altars:
Xom


Innate Abilities, Weirdness & Mutations

You are immune to sickness and miasma.
You are immune to poison.
Your flesh is very heat resistant. (rF++)
You are vulnerable to cold. (rC-)
You float through the air rather than walking.
You learn spells naturally, not from books.
Your magical power is your life essence.
You have superior vitality. (+4 HP)
You occasionally shout uncontrollably at your foes.
Your spells are a little harder to cast, but a little more powerful.


Message History

You swap places with the orc wizard.
The orc wizard looks rather confused.
Some monsters swap places.
The orc wizard looks rather more confused.
The orc looks rather confused.
The orc wizard looks rather more confused.
The orc completely misses you.
The orc hits the orc with a +0 short sword.
The orc is killed!
The orc hits itself with a +0 short sword.
The orc wizard hits the orc priest with a +0 dagger.
You block the orc priest's attack.
You slash the orc wizard!
Space bends around the orc wizard.
You kill the orc wizard!
The orc priest hits you but does no damage.
Your Long Blades skill increases to level 4!
The orc priest hits you with a +0 war axe.
Things that are here:
a +0 dagger; a +0 robe You hit the orc priest.
The orc priest changes into a shapeshifter!
You hear Xom's avuncular chuckle.
The orc evaporates and reforms as a dart slug!
The shapeshifter changes into a tarantella!
You miss the tarantella.
The tarantella changes into a swamp dragon!
You barely miss the swamp dragon. The swamp dragon bites you.
The swamp dragon claws you but does no damage.
The swamp dragon tramples you but does no damage.
You hit the swamp dragon.
The swamp dragon is lightly wounded.
The swamp dragon bites you.
* * * LOW HITPOINT WARNING * * *
The swamp dragon barely misses you. The swamp dragon tramples you!
* * * LOW HITPOINT WARNING * * *
You are shoved backwards!
Okay, then.
It was a potion of cancellation.
You feel magically purged. The swamp dragon bites you.
You die...
Xom thinks this is hilarious!

#.# ##########'######
#### #...#.....[......
#.... #...#........##..
.... #...#........#...
..[##...######+#.#.##
#.....##........(..
#.....##......##.##
#>@D)w)').....##.##
..........###......##.##
......................##
.............##.....#...
.............##.....#...
....................'...
......##............#...
###### #............#...
.####.........##.#...


You could see a swamp dragon shaped shifter and a dart slug.

Vanquished Creatures
  2 orc wizards (D:3)
  A hound zombie (D:3)
  2 adders (D:3)
  A dart slug (D:3)
  5 orcs (D:3)
  5 endoplasms
  3 giant cockroaches
  2 goblins (D:3)
  4 hobgoblins
  12 jackals
  6 kobolds
  2 quokkas (D:1)
  4 ball pythons
  5 bats
  2 frilled lizards
  A rat (D:2)
57 creatures vanquished.

Vanquished Creatures (collateral kills)
  A jackal (D:3)
  A frilled lizard (D:3)
2 creatures vanquished.

Grand Total: 59 creatures vanquished

Notes
Turn   | Place    | Note
-------+----------+-------------------------------------------
     0 | D:1      | Malachi the Djinni Chaos Knight began the quest for the
                  | Orb.
     0 | D:1      | Reached XP level 1. HP: 20/20 MP: 0/0
   159 | D:1      | Reached XP level 2. HP: 18/25 MP: 0/0
   228 | D:1      | XOM: divination: magic mapping
   256 | D:1      | Reached skill level 3 in Long Blades
   285 | D:1      | XOM: butterfly on damage
   691 | D:1      | Reached XP level 3. HP: 29/30 MP: 0/0
   691 | D:1      | Learned a level 1 spell: Animate Skeleton
  1091 | D:1      | XOM: give mutations
  1091 | D:1      | Gained mutation: You are dopey. (Int -2) [Xom's mischief]
  1091 | D:1      | Lost mutation: You are dopey. (Int -2) [Xom's mischief]
  1091 | D:1      | Gained mutation: Your spells are a little harder to cast,
                  | but a little more powerful. [Xom's mischief]
  1091 | D:1      | Gained mutation: You occasionally shout uncontrollably at
                  | your foes. [Xom's mischief]
  1797 | D:2      | XOM: summons 2 hostile shadow creatures
  2017 | D:2      | XOM: god gift: 19 gold pieces
  2083 | D:3      | XOM: summons 3 friendly demons
  2085 | D:3      | Reached XP level 4. HP: 27/35 MP: 0/0
  2192 | D:3      | Found a faded altar of an unknown god.
  2407 | D:3      | XOM: scenery: create altars
  2414 | D:3      | Reached XP level 5. HP: 38/40 MP: 0/0
  2414 | D:3      | Learned a level 2 spell: Slow
  2608 | D:3      | XOM: god gift: wand of acid (7)
  2660 | D:3      | XOM: repel stairs
  2680 | D:3      | XOM: swap monsters
  2682 | D:3      | Reached skill level 4 in Long Blades
  2684 | D:3      | Noticed a shapeshifter
  2684 | D:3      | an orc priest changed into a shapeshifter
  2684 | D:3      | XOM: polymorph orc -> dart slug
  2684 | D:3      | Noticed a tarantella
  2684 | D:3      | a shapeshifter changed into a tarantella
  2685 | D:3      | Noticed a swamp dragon
  2685 | D:3      | a tarantella changed into a swamp dragon
  2688 | D:3      | Slain by a swamp dragon (shapeshifter)

Illustrated notes

Levels and vault maps discovered:
D:1:      elethiomel_arrival_fortress_basement, layout_basic
D:2:      layout_loops_ring
D:3:      layout_basic, hellmonk_ecumenical_altar_inner_sanctum

Skill      XL: |  1  2  3  4  5 |
---------------+----------------+-----
Long Blades    | 3 4 |  4.0
Armour         | 2 |  2.4
Fighting       | |  3.6
Dodging        | |  2.9
Shields        | |  0.4

Action                   |  1- 3 |  4- 6 || total
-------------------------+-------+-------++-------
Melee: Falchion          |    88 |    98 ||   186
  Use: Scroll            |     3 |       ||     3
       Potion            |       |     1 ||     1
 Stab: Paralysed         |     1 |       ||     1
Armor: Leather armour    |    30 |       ||    30
       Scale mail        |     6 |    76 ||    82
Dodge: Dodged            |    63 |    49 ||   112
Block: Other             |    12 |    26 ||    38
       Reflection        |       |     1 ||     1
       Rpst.: Falchion   |    20 |    12 ||    32
